 Dungeon Crawl Stone Soup version 0.21-a0-584-g185da8e (webtiles) character file.

907 Inus the Magician (level 7, -8/50 HPs)
             Began as a Demigod Conjurer on Dec 20, 2017.
             Mangled by an orc warrior
             ... wielding a +1 hand axe of venom
              (12 damage)
             ... on level 6 of the Dungeon.
             The game lasted 00:16:47 (5735 turns).

Inus the Magician (Demigod Conjurer)                Turns: 5735, Time: 00:16:48

Health: -8/50      AC:  8    Str: 11    XL:     7   Next: 51%
Magic:  1/22       EV: 12    Int: 23    God:
Gold:   232        SH:  0    Dex: 16    Spells: 6/21 levels left

rFire    + . .     SeeInvis .   h - +2 mace (protect)
rCold    . . .     Gourm    .   (no shield)
rNeg     . . .     Faith    .   a - +0 robe
rPois    .         Spirit   .   (no helmet)
rElec    .         Reflect  .   (no cloak)
rCorr    .         Harm     .   m - +2 pair of gloves
MR       +....     Rnd*Rage +   i - +1 pair of boots (curse)
Stlth    ++........             (no amulet)
HPRegen  0.16/turn              e - ring of protection from magic
MPRegen  0.18/turn              (no ring)

@: lethally poisoned (-8 -> -33), very slightly contaminated
A: icy blue scales 1, berserk 1, deformed body, fire resistance 1, high mp 1
a: no special abilities


You were on level 6 of the Dungeon.
You were hungry.

You visited 1 branch of the dungeon, and saw 6 of its levels.

You collected 232 gold pieces.

Inventory:

Hand Weapons
 g - a +2 spear of venom
 h - a +2 mace of protection (weapon)
Armour
 a - a +0 robe (worn)
 i - a cursed +1 pair of boots (worn)
 m - a +2 pair of gloves (worn)
 o - a +0 shield
Jewellery
 e - a ring of protection from magic (left hand)
 k - an uncursed ring of stealth {unknown}
Scrolls
 d - 4 scrolls of remove curse
 f - 5 scrolls of teleportation
 j - a scroll of blinking
 l - 6 scrolls of identify
 n - a scroll of magic mapping
 r - a scroll of enchant weapon {unknown}
 s - a scroll of noise {unknown}
Potions
 q - a potion of curing
Books
 b - a book of Conjurations

   Spells                             Type                      Level
   a - Magic Dart                     Conjuration                  1
   b - Searing Ray                    Conjuration                  2
   c - Dazzling Spray                 Conjuration/Hexes            3
   d - Fulminant Prism                Conjuration/Hexes            4
   e - Force Lance                    Conjuration/Translocation    4
   f - Iskenderun's Mystic Blast      Conjuration                  4
Comestibles
 c - 11 rations
 p - 2 chunks of flesh


   Skills:
 - Level 1.7 Dodging
 - Level 1.7 Stealth
 + Level 7.7 Spellcasting
 - Level 3.6 Conjurations


You had 6 spell levels left.
You knew the following spells:

 Your Spells              Type           Power        Failure   Level  Hunger
a - Magic Dart            Conj           ####         1%          1    None
b - Searing Ray           Conj           ####..       2%          2    None
c - Iskenderun's Mystic   Conj           ####....     16%         4    ###....
d - Fulminant Prism       Conj/Hex       ###.......   32%         4    ###....
e - Force Lance           Conj/Tloc      ###.....     32%         4    ###....


Dungeon Overview and Level Annotations

Branches:
Dungeon (6/15)             Temple (0/1) D:5

Shops:
D:5 *}!?


Innate Abilities, Weirdness & Mutations

You have an increased reservoir of magic. (+10% MP)
You are partially covered in icy blue scales. (AC +2)
You tend to lose your temper in combat.
Armour fits poorly on your strangely shaped body.
Your flesh is heat resistant. (rF+)


Message History

Aim: an orc warrior, wielding a hand axe of venom and wearing a plate armour (heavily wounded)
You miscast Iskenderun's Mystic Blast.
You are very lightly contaminated with residual magic.
The air around you crackles with energy!
You are feeling hungry.
* * * LOW HITPOINT WARNING * * *
You feel sick.
Casting: Iskenderun's Mystic Blast
Confirm with . or Enter, or press ? or * to list all spells.
Aiming: Iskenderun's Mystic Blast
Press: ? - help, Shift-Dir - straight line, f/p - orc warrior
Aim: an orc warrior, wielding a hand axe of venom and wearing a plate armour (heavily wounded)
The orb of energy hits the orc warrior.
The orc warrior is severely wounded.
The orb of energy explodes!
* * * LOW HITPOINT WARNING * * *
You feel sick.
You hear a shout! x2
The orc warrior hits you with a hand axe of venom!
You die...

. ....######
.......<.#
....####@###
. #o#$#
#{#.######
#...†{...#
######.oo.#
#.#[... .#
### . >.


You could see an orc warrior.

Vanquished Creatures
  An ice beast (D:5)
  2 ogres
  A bullfrog (D:6)
  2 scorpions (D:4)
  A jelly (D:5)
  An orc wizard (D:4)
  A bullfrog skeleton (D:3)
  A hound (D:5)
  An iguana (D:4)
  Terence (D:3)
  3 worker ants
  2 hound skeletons (D:5)
  7 adders
  4 gnolls (D:3)
  A shadow imp (D:5)
  An adder skeleton (D:4)
  2 worms
  3 dart slugs
  4 leopard geckos
  8 orcs
  A ball python (D:3)
  5 giant cockroaches
  2 goblins (D:3)
  10 hobgoblins
  16 jackals
  A quokka (D:2)
  4 bats
  7 frilled lizards
  8 kobolds
  A leopard gecko skeleton (D:4)
  5 rats
107 creatures vanquished.

Vanquished Creatures (others)
  A fulminant prism (D:4)
  4 toadstools (D:1)
5 creatures vanquished.

Grand Total: 112 creatures vanquished

Notes
Turn   | Place    | Note
-------+----------+-------------------------------------------
     0 | D:1      | Inus the Demigod Conjurer began the quest for the Orb.
     0 | D:1      | Reached XP level 1. HP: 14/14 MP: 5/5
   210 | D:1      | Reached skill level 2 in Spellcasting
   856 | D:2      | Reached XP level 2. HP: 20/20 MP: 8/8
   875 | D:2      | Learned a level 2 spell: Searing Ray
   936 | D:2      | Noticed an ogre
  1582 | D:2      | Reached skill level 3 in Spellcasting
  1582 | D:2      | Reached XP level 3. HP: 26/26 MP: 3/10
  2123 | D:2      | Killed an ogre
  2123 | D:2      | Reached skill level 4 in Spellcasting
  2123 | D:2      | Reached XP level 4. HP: 33/33 MP: 3/13
  2638 | D:3      | Reached XP level 5. HP: 27/38 MP: 12/15
  2726 | D:3      | Reached skill level 5 in Spellcasting
  3325 | D:3      | Learned a level 4 spell: Iskenderun's Mystic Blast
  3330 | D:3      | Learned a level 4 spell: Fulminant Prism
  3721 | D:3      | Found a hide-covered altar of Uskayaw.
  3725 | D:3      | Noticed Terence
  3750 | D:3      | Killed Terence
  3752 | D:3      | Gained mutation: Your flesh is heat resistant. (rF+) [potion of mutation]
  3752 | D:3      | Gained mutation: You are partially covered in icy blue scales. (AC +2) [potion of mutation]
  3752 | D:3      | Gained mutation: Armour fits poorly on your strangely shaped body. [potion of mutation]
  3752 | D:3      | Gained mutation: You evolve. [potion of mutation]
  3786 | D:3      | Found a shadowy altar of Dithmenos.
  3976 | D:3      | Gained mutation: You tend to lose your temper in combat. [evolution]
  3976 | D:3      | Lost mutation: You evolve. [end of evolution]
  3978 | D:3      | Found a glowing silver altar of Zin.
  3982 | D:3      | Found an ornate altar of the Wu Jian Council.
  3984 | D:3      | Found a glowing golden altar of the Shining One.
  3984 | D:3      | Found a hazy altar of Hepliaklqana.
  3984 | D:3      | Found a deep blue altar of Sif Muna.
  3984 | D:3      | Found a sacrificial altar of Ru.
  3985 | D:3      | Found an opulent altar of Gozag.
  3986 | D:3      | Found a snail-covered altar of Cheibriados.
  3987 | D:3      | Found a sparkling altar of Nemelex Xobeh.
  3992 | D:3      | Found a white marble altar of Elyvilon.
  4447 | D:4      | Reached XP level 6. HP: 30/45 MP: 9/17
  4591 | D:4      | Reached skill level 6 in Spellcasting
  5050 | D:5      | Entered Level 5 of the Dungeon
  5067 | D:5      | Learned a level 4 spell: Force Lance
  5107 | D:5      | Reached XP level 7. HP: 27/50 MP: 7/20
  5222 | D:5      | Found a staircase to the Ecumenical Temple.
  5282 | D:5      | Found Ismeol's Gadget Emporium.
  5313 | D:5      | Reached skill level 7 in Spellcasting
  5473 | D:5      | Found Muubbila's General Store.
  5605 | D:5      | Found Imirri's Magic Scroll Emporium.
  5617 | D:5      | Found Odghir's Distillery.
  5735 | D:6      | Mangled by an orc warrior

Vault maps used:
D:1:      ldierk_walled_garden_2, hex_medium
D:2:      amethyst_killhole
D:3:      nicolae_overflow_crystal_walls, minitemple, first_ration, uniq_terence
D:5:      minmay_temple_entry_hall, serial_shops, shop, shop, shop, shop,
          corexii_leaking_fountain
D:6:      lemuel_round_altar, trog_three_pillars_becter

Skill      XL: |  1  2  3  4  5  6  7 |
---------------+----------------------+-----
Spellcasting   | 2 3 4 5 6 7 |  7.7
Dodging        | |  1.7
Stealth        | |  1.7
Conjurations   | |  3.6

Action                   |  1- 3 |  4- 6 |  7- 9 || total
-------------------------+-------+-------+-------++-------
Melee: Hand axe          |    70 |       |       ||    70
       Morningstar       |       |    65 |       ||    65
       Mace              |       |       |    26 ||    26
 Cast: Magic Dart        |    27 |    51 |     2 ||    80
       Searing Ray       |     7 |    21 |     9 ||    37
       Fulminant Prism   |       |     1 |       ||     1
       Iskenderun's Myst |       |       |     1 ||     1
  Use: Scroll            |       |    11 |       ||    11
       Potion            |       |     5 |       ||     5
 Stab: Sleeping          |     4 |     2 |       ||     6
  Eat: Chunk             |     4 |     9 |     2 ||    15
Armor: Robe              |    16 |    38 |    26 ||    80
Dodge: Dodged            |    58 |   105 |    47 ||   210

Table legend:
 A = Spawn XP
 B = Non-spawn XP
 C = Spawn XP percentage of total XP
 D = Spawn monster count
 E = Non-spawn monster count
 F = Spawn count percentage of total count
 G = Total turns spent on level
                    A         B        C        D         E        F      G
               +---------+---------+-------+---------+---------+-------+---------
         Total |       0 |    1296 |   0.0 |       0 |     107 |   0.0 |  5735
               +---------+---------+-------+---------+---------+-------+---------
           D:1 |       0 |      16 |   0.0 |       0 |      10 |   0.0 |  1289
           D:2 |       0 |     200 |   0.0 |       0 |      25 |   0.0 |  1182
           D:3 |       0 |     207 |   0.0 |       0 |      32 |   0.0 |  1921
           D:4 |       0 |     424 |   0.0 |       0 |      20 |   0.0 |   658
           D:5 |       0 |     349 |   0.0 |       0 |      19 |   0.0 |   657
           D:6 |       0 |     100 |   0.0 |       0 |       1 |   0.0 |    28
               +---------+---------+-------+---------+---------+-------+---------
